 Dungeon Crawl Stone Soup version 0.27-a0-1140-g099f9bb0e8 (webtiles) character file.

Game seed: 8789454784986396014

274985 mdonais the Unseen (level 20, 0/160 HPs)
             Began as a Gnoll Delver on May 5, 2021.
             Was the Champion of Trog.
             Killed from afar by a starcursed mass (7 damage)
             ... with an accursed screaming
             ... on level 3 of the Abyss on May 8, 2021.
             The game lasted 03:14:19 (43781 turns).

mdonais the Unseen (Gnoll Delver)                  Turns: 43781, Time: 03:14:20

Health: 0/160      AC: 34    Str: 26    XL:     20   Next: 33%
Magic:  37/37      EV: 17    Int:  7    God:    Trog [******]
Gold:   1271       SH: 15    Dex: 24    Spells: 45/45 levels left

rFire    + . .     SeeInvis +   g - +9 morningstar "Wimuveko" {freeze, rElec Str+3 Int-3 Dex+4}
rCold    + . .     Faith    .   l - +0 kite shield
rNeg     . . .     Spirit   .   N - +8 plate armour of the Moon {-Cast +Inv rPois Dex+4}
rPois    +         Reflect  .   n - +2 helmet
rElec    +         Harm     .   m - scarf {rC+ rF+}
rCorr    .         Rampage  .   C - +0 pair of gloves of Uciy {Str+2 Slay+2}
Will     ++++.     Rnd*Tele +   U - +2 pair of boots {Fly} Stlth ++........NoCast +
                                r - amulet of regeneration
HPRegen  1.00/turn              h - ring of willpower
MPRegen  0.25/turn              p - ring "Joseth" {Str+3 SInv}

@: about to teleport, strong-willed (expiring), on berserk cooldown, flying,
very slightly contaminated, regenerating (expiring), mildly diseased, slowed,
studying Armour, invisible, very slow
A: fangs 1, strong nose, distributed training, [deterioration 2], [teleportitis
2], [no potion heal 2]
}: 2/15 runes: decaying, serpentine
a: Renounce Religion, Evoke Invisibility, Berserk, Trog's Hand, Brothers in Arms


You were on level 3 of the Abyss.
You worshipped Trog.
Trog was exalted by your worship.
You visited 7 branches of the dungeon, and saw 35 of its levels.
You visited the Abyss 2 times.
You also visited: Ice Cave and Volcano.

You collected 3587 gold pieces.
You spent 2316 gold pieces at shops.

Inventory:

Hand Weapons
 a - a +4 broad axe of freezing
   (You took it off an orc warrior on level 7 of the Dungeon)
 b - a +6 double sword of flaming
   (Trog gifted it to you on level 4 of the Swamp)
 c - a +2 fustibalus of flaming
   (You found it in a volcano)
 g - the +9 morningstar "Wimuveko" (weapon) {freeze, rElec Str+3 Int-3 Dex+4}
   (You took it off a deep elf elementalist on level 3 of the Elven Halls)

   It has been specially enchanted to freeze those struck by it, causing extra
   injury to most foes and up to half again as much damage against particularly
   susceptible opponents.
   It can also slow down cold-blooded creatures.
   It affects your strength (+3).
   It affects your intelligence (-3).
   It affects your dexterity (+4).
   It insulates you from electricity.
Missiles
 v - 2 javelins (quivered)
 y - 256 sling bullets
 F - 2 curare-tipped darts
Armour
 l - a +0 kite shield (worn)
   (You took it off a naga warrior on level 3 of the Snake Pit)
 m - a scarf of resistance (worn)
   (You found it on level 10 of the Dungeon)
 n - a +2 helmet (worn)
   (You found it on level 15 of the Dungeon)
 C - the +0 pair of gloves of Uciy (worn) {Str+2 Slay+2}
   (You found it on level 2 of the Swamp)

   It affects your strength (+2).
   It affects your accuracy and damage with ranged weapons and melee attacks
   (+2).
 N - the +8 plate armour of the Moon (worn) {-Cast +Inv rPois Dex+4}
   (You acquired it on level 8 of the Dungeon)

   It affects your dexterity (+4).
   It protects you from poison.
   It lets you turn invisible.
   It prevents spellcasting.
 U - a +2 pair of boots of flying (worn)
   (You bought it in a shop on level 2 of the Orcish Mines)
Jewellery
 f - a ring of protection from cold
   (You found it on level 10 of the Dungeon)
 h - a ring of willpower (left hand)
   (You bought it in a shop on level 5 of the Dungeon)
 p - the ring "Joseth" (right hand) {Str+3 SInv}
   (You found it on level 6 of the Lair of Beasts)

   [ring of see invisible]

   It affects your strength (+3).
   It lets you see invisible.
 r - an amulet of regeneration (around neck)
   (You found it on level 5 of the Dungeon)
 s - a +6 ring of strength
   (You found it on level 2 of the Elven Halls)
 O - the ring of Metuba {Fly rCorr}
   (You found it on level 6 of the Lair of Beasts)

   [ring of flight]

   It grants you flight.
   It protects you from acid and corrosion.
 Z - a ring of fire
   (You found it on level 5 of the Lair of Beasts)
Wands
 A - a wand of acid (10)
   (You took it off Maurice on level 9 of the Dungeon)
 D - a wand of digging (2)
 I - a wand of iceblast (27)
   (You took it off Pikel on level 8 of the Dungeon)
 K - a wand of charming (21)
   (You found it on level 7 of the Dungeon)
 P - a wand of paralysis (8)
   (You found it on level 2 of the Snake Pit)
Scrolls
 d - 2 scrolls of enchant armour
 e - 5 scrolls of fear
 i - a scroll of summoning
 B - a scroll of blinking
 E - 7 scrolls of fog
 G - 2 scrolls of immolation
 M - 3 scrolls of magic mapping
 S - a scroll of brand weapon
 T - 9 scrolls of teleportation
Potions
 j - 4 potions of mutation
 k - 5 potions of magic
 q - 9 potions of attraction
 t - 12 potions of might
 u - 7 potions of ambrosia
 w - a potion of invisibility
 x - 2 potions of resistance
 H - 5 potions of haste
 L - 4 potions of berserk rage
 Q - 10 potions of curing
 X - 2 potions of cancellation
Miscellaneous
 W - a phantom mirror
   (You found it on level 15 of the Dungeon)
 Y - a tin of tremorstones (2/2)
   (You found it on level 13 of the Dungeon)


   Skills:
 + Level 14.5 Fighting
 + Level 13.3 Short Blades
 + Level 13.3 Long Blades
 + Level 13.9 Axes
 + Level 13.3 Maces & Flails
 + Level 13.3 Polearms
 + Level 13.3 Staves
 + Level 13.3 Slings
 + Level 13.3 Bows
 + Level 13.3 Crossbows
 + Level 13.3 Throwing
 + Level 15.7 Armour
 + Level 13.9 Dodging
 + Level 15.7 Stealth
 + Level 13.3 Shields
 + Level 13.3 Unarmed Combat
 + Level 13.3 Spellcasting
 + Level 11.4 Conjurations
 + Level 11.4 Hexes
 + Level 11.4 Summonings
 + Level 11.4 Necromancy
 + Level 11.4 Translocations
 + Level 11.4 Transmutations
 + Level 11.4 Fire Magic
 + Level 11.4 Ice Magic
 + Level 11.4 Air Magic
 + Level 11.4 Earth Magic
 + Level 11.4 Poison Magic
 + Level 14.3 Invocations
 + Level 13.3 Evocations


You had 45 spell levels left.
You didn't know any spells.
Your spell library contained the following spells:

 Spells                   Type           Power      Damage    Failure   Level
 Beastly Appendage        Tmut           40%        N/A       1%          1
 Shock                    Conj/Air       80%        1d8       1%          1
 Sting                    Tmut/Pois      80%        1d7       1%          1
 Static Discharge         Conj/Air       20%        N/A       1%          2
 Swiftness                Air            20%        N/A       2%          3
 Airstrike                Air            10%        N/A       9%          4
 Ice Form                 Ice/Tmut       20%        N/A       9%          4
 Lightning Bolt           Conj/Air       10%        1d23      24%         5
 Statue Form              Tmut/Erth      13%        N/A       80%         6
 Dragon Form              Tmut           10%        N/A       100%        7


Dungeon Overview and Level Annotations

Branches:
Dungeon (15/15)            Temple (1/1) D:7            Lair (6/6) D:10
  Swamp (4/4) Lair:4        Snake (4/4) Lair:2        Slime (0/5) Lair:6
    Orc (2/2) D:10            Elf (3/3) Orc:2        Vaults (0/5) D:13
 Depths (0/5) D:15          IceCv (visited)         Volcano (visited)

Altars:
Ashenzari
Cheibriados
Dithmenos
Elyvilon
Fedhas
Gozag
Hepliaklqana
Kikubaaqudgha
Makhleb
Nemelex Xobeh
Okawaru
Qazlal
Ru
Sif Muna
Trog
Uskayaw
Vehumet
Wu Jian
Xom
Yredelemnul
Zin
The Shining One
Beogh
Jiyva

Shops:
D:2 !   D:5 *   D:6 [[!!   D:14 *   D:15 (   Orc:2 [*:(   Elf:1 *

Portals:
Trove: D:13 (give 17 scrolls of teleportation)

Annotations:
Elf:3 1 runed translucent door, DunceCap's ghost, adept MiBe


Innate Abilities, Weirdness & Mutations

You have very sharp teeth.
Your uncanny sense of smell can sniff out nearby items.
Your experience applies equally to all skills.
[Your body often deteriorates upon taking damage.]
[You are sometimes teleported next to monsters.]
[Potions cannot restore your health.]


Message History

The tarantella closely misses you.
A deafening chorus of shrieks assaults your mind!
The starcursed mass touches you but does no damage.
The worldbinder closely misses you. x2; The yaktaur unwields a +0 arbalest.
The yaktaur closely misses you.
You take 13 damage, and have 109/238 hp.
Your plate armour of the Moon prevents you from hitting the spatial maelstrom.
You bite the spatial maelstrom!
The spatial maelstrom is lightly damaged.
You feel less confused.
You block the spatial maelstrom's attack. x2
You block the tarantella's attack.
Unknown command.
You sock the tarantella! You freeze the tarantella.
You kill the tarantella!
Trog accepts your kill. The worldbinder barely misses you.
The worldbinder misses you.
You block the spatial maelstrom's attack. x2
The starcursed mass barely misses you.
You hit the starcursed mass. You freeze the starcursed mass.
The starcursed mass is moderately damaged.
The starcursed mass shudders and withdraws towards its neighbour.
The spatial maelstrom hits you. Space warps horribly around you!
You block the spatial maelstrom's attack.
The yaktaur misses you. You block the worldbinder's attack.
The worldbinder hits you.
You take 17 damage, and have 93/238 hp.
You impale the starcursed mass!! You freeze the starcursed mass.
You bite the starcursed mass!
The starcursed mass is severely damaged.
The starcursed mass shudders and withdraws towards its neighbour.
You hear a roar!
You block the spatial maelstrom's attack.
The spatial maelstrom hits you but does no damage.
A deafening chorus of shrieks assaults your mind!
The worldbinder hits you but does no damage.
The worldbinder barely misses you.
The yaktaur hits you but does no damage.
You take 12 damage, and have 81/238 hp.
You bludgeon the starcursed mass!! You freeze the starcursed mass.
You bite the starcursed mass.
The starcursed mass is severely damaged.
The starcursed mass shudders and withdraws towards its neighbour.
You block the spatial maelstrom's attack.
The spatial maelstrom misses you. The worldbinder misses you.
You block the worldbinder's attack. The starcursed mass misses you.
You puncture the starcursed mass! You freeze the starcursed mass!
The starcursed mass is almost destroyed.
The starcursed mass shudders and withdraws towards its neighbour.
The yaktaur disappears in a puff of smoke!
The spatial maelstrom misses you.
The spatial maelstrom hits you but does no damage.
The worldbinder hits you but does no damage.
You block the worldbinder's attack.
A thrashing horror comes into view.
You puncture the starcursed mass! You freeze the starcursed mass.
You destroy the starcursed mass!
Trog accepts your kill.
The spatial maelstrom hits you but does no damage.
The spatial maelstrom hits you. Space warps horribly around you!
* * * LOW HITPOINT WARNING * * *
You block the starcursed mass's attack.
Your phantom mirror has recharged.
Your life force feels restored.
You take 17 damage, and have 66/240 hp.
The worldbinder calls forth creatures from the Vaults! 2 spatial vortices come into view.
You feel a strong urge to attack something.
The yaktaur disappears in a puff of smoke!
A spatial vortex comes into view.
A chorus of shrieks assaults your mind.
* * * LOW HITPOINT WARNING * * *
The yaktaur wields a +0 arbalest.
The yaktaur shoots a bolt.
You block the bolt.
The ironbound preserver casts a spell.
The ironbound preserver begins to accept its allies' injuries.
A spatial vortex comes into view.
You take 6 damage, and have 61/240 hp.
Unknown command.
You feel your anger nearly subside.
A wretched star comes into view.
You are no longer berserk.
Trog's vigour flows through your veins.
You are exhausted.
You feel yourself slow down. A chorus of shrieks assaults your mind.
* * * LOW HITPOINT WARNING * * *
A spatial vortex comes into view.
You now have 30/160 hp.
As you read the scroll of teleportation, it crumbles to dust.
You feel strangely unstable.
You feel the power of the Abyss delaying your translocation!
A wretched star comes into view.
A chorus of shrieks assaults your mind.
* * * LOW HITPOINT WARNING * * *
The ironbound preserver mumbles some strange words.
The ironbound preserver begins to accept its allies' injuries.
You take 9 damage, and have 21/160 hp.
A large abomination comes into view.
The acid dragon changes into a naga!
A chorus of shrieks assaults your mind.
* * * LOW HITPOINT WARNING * * *
The ironbound preserver closely misses you.
A spatial vortex comes into view.
You take 9 damage, and have 12/160 hp.
You fade into invisibility!
The yaktaur disappears in a puff of smoke!
A spatial vortex comes into view.
The wretched star pulses with an eldritch light!
Your system partially rejects the healing effects of potions.
Your system completely rejects the healing effects of potions.
You block the ironbound preserver's attack.
The spatial vortex moves out of view.
You are very lightly contaminated with residual magic. 2 spatial vortices come into view.
You regained 2 hp, and now have 14/160 hp.
Okay, then.
You block the spatial maelstrom's attack.
The spatial maelstrom hits you but does no damage.
You block the spatial maelstrom's attack.
The spatial maelstrom closely misses you.
A chorus of shrieks assaults your mind.
* * * LOW HITPOINT WARNING * * *
You take 4 damage, and have 10/160 hp.
You have no ailments to cure.
You have no ailments to cure.
You have no ailments to cure.
Unknown command.
Okay, then.
The ironbound preserver disappears in a puff of smoke! x2
The wretched star pulses with an eldritch light!
You feel yourself wasting away.
You feel your body start to fall apart.
You feel weirdly uncertain.
You feel even more weirdly uncertain.
A spatial vortex comes into view.
You regained 2 hp, and now have 12/160 hp.
You feel the effects of Trog's Hand fading.
The thrashing horror closely misses you. x2
A chorus of shrieks assaults your mind.
* * * LOW HITPOINT WARNING * * *
The wretched star glows turbulently.
The lance of force hits you but does no damage.
You take 7 damage, and have 5/160 hp.
A large abomination comes into view.
The wretched star glows turbulently.
The lance of force hits you but does no damage.
A chorus of shrieks assaults your mind.
You die...

#.. #...#..#.*.#.§#
#...#.#v...#X5#..#
..#....##.X.xN#..
#.#....#X###...##
#.##...#D#.##..#
##....X...##. .##
#.#.#.#..v#.... .#
#...#§v*.X#....##
#.@.#.#...##..#
.......##..###..##.
##.##.. ##.# .#§#.#
#... #.# ##. #...
#.. . #.#. .##. .#
##X. .. #. .#


You could see a bone dragon, 4 starcursed masses, a spatial maelstrom, a
wretched star, 2 spatial vortices, a thrashing horror and a large abomination
(wandering).

Vanquished Creatures
  Saint Roka (Snake:3)
  Rupert (Orc:2)
  2 Ice Fiends (IceCv)
  A tentacled monstrosity (Swamp:4)
  A deep elf blademaster (Elf:2)
  A tentacled starspawn (Abyss:3)
  Gastronok (Lair:3)
  2 thorn hunters (Swamp:4)
  Frances (D:12)
  Agnes (D:15)
  Roxanne (Elf:2)
  4 nagarajas
  2 deep elf sorcerers
  2 hydra zombies (Swamp:4)
  2 deep elf elementalists (Elf:3)
  A stone giant (D:15)
  Nessos (Lair:6)
  2 vampire knights (Swamp:4)
  5 deep elf demonologists (Elf:3)
  3 deep elf annihilators (Elf:3)
  A dire elephant (Lair:6)
  4 bunyips
  An ettin (Orc:2)
  6 eleionomae
  A deep elf death mage (Elf:3)
  Josephine (Orc:2)
  A deep elf high priest (Elf:1)
  A salamander tyrant (Snake:4)
  4 shambling mangroves
  15 naga warriors
  Erolcha (D:12)
  3 boulder beetles
  8 hydras
  6 centaur warriors
  3 ogre magi
  A catoblepas (Lair:5)
  29 dancing weapons
  A merfolk avatar (Lair:6)
  6 anacondas
  2 death knights
  17 two-headed ogres
  An orc high priest (Orc:2)
  12 alligators
  4 thrashing horrors (Abyss:3)
  A sun demon (Abyss:3)
  6 naga sharpshooters
  A tengu warrior (D:15)
  11 deep elf knights
  4 shock serpents
  4 goliath frogs
  11 spriggans
  4 skeletal warriors (D:14)
  A fire crab (Lair:5)
  A sea snake (Lair:6)
  4 salamander mystics (Snake:4)
  6 spriggan druids
  3 spectral hydras (Swamp:4)
  A flayed ghost (Swamp:4)
  11 naga ritualists
  A deep troll (D:15)
  4 bog bodies
  4 deep elf archers
  7 starcursed masses (Abyss:3)
  5 swamp dragons
  A lindwurm (Lair:5)
  A harpy (Lair:6)
  4 orc knights
  18 deep elf zephyrmancers
  25 deep elf pyromancers
  3 wizards
  Pikel (D:8)
  A necromancer (D:15)
  5 mana vipers
  2 cyclopes
  4 oklob plants
  5 manticores
  4 ugly things
  3 orc sorcerers
  7 salamanders
  A will-o-the-wisp (Swamp:2)
  Joseph (D:7)
  25 naga magi
  Maurice (D:9)
  23 black mambas
  2 ice statues (IceCv)
  A smoke demon (Abyss:3)
  21 cane toads
  A guardian serpent (Snake:1)
  2 gargoyles
  A hellion (Abyss:3)
  2 kobold demonologists
  10 ice devils (IceCv)
  10 rime drakes
  20 komodo dragons
  A tengu conjurer (Elf:1)
  5 freezing wraiths
  2 death drake zombies (Swamp:4)
  An ancient zyme (Abyss:3)
  6 trolls
  9 meliai
  A queen bee (Lair:5)
  A death drake skeleton (Swamp:4)
  6 polar bears
  7 tyrant leeches
  15 hornets
  23 blink frogs
  4 raiju (Abyss:3)
  7 slime creatures (D:15)
  7 dream sheep (Lair:5)
  2 shadows (D:9)
  A tarantella (shapeshifter) (Abyss:3)
  A vampire (D:11)
  8 wraiths
  64 yaks
  A ynoxinul (Abyss:3)
  7 wyverns
  A fire elemental (Elf:1)
  4 water elementals
  3 basilisks
  A chaos spawn (Abyss:3)
  A neqoxec (Abyss:3)
  A steam dragon (Lair:2)
  4 vampire mosquitoes
  17 swamp worms
  8 wargs
  4 hell hounds (Volcano)
  Edmund (D:6)
  An acid dragon (D:11)
  16 water moccasins
  29 nagas
  2 hydra simulacra (Swamp:4)
  21 orc warriors
  A large abomination (Abyss:3)
  A swamp dragon zombie (Swamp:4)
  2 swamp drakes (Swamp:4)
  A black bear (Lair:3)
  An ice beast (D:6)
  A necrophage (D:7)
  A boggart (Elf:1)
  3 wolves (Lair:1)
  11 ogres
  6 centaurs
  6 kobold brigands
  2 gnoll sergeants
  3 earth elementals
  14 bullfrogs
  2 water moccasin skeletons
  26 killer bees
  7 howler monkeys
  5 electric eels
  A bullfrog zombie (D:5)
  9 centaur zombies
  A gnoll shaman (Orc:1)
  2 hounds
  10 orc priests
  2 bullfrog skeletons (D:5)
  9 iguanas
  18 orc wizards
  6 hell rats (Lair:3)
  A killer bee zombie (D:7)
  A hound zombie (D:5)
  3 hound skeletons
  Robin (D:2)
  13 gnolls
  8 adders
  12 white imps
  8 ufetubi
  3 adder skeletons (D:4)
  2 worms (D:2)
  4 dart slugs
  45 orcs
  5 bats
  9 endoplasms
  13 goblins
  10 hobgoblins
  3 jackals (D:4)
  19 kobolds
  3 quokkas (D:1)
  8 ball pythons
  A ball python zombie (D:2)
  2 frilled lizards
  6 rats
  A bush (Lair:6)
1084 creatures vanquished.

Vanquished Creatures (collateral kills)
  An orc warlord (Orc:2)
  A deep elf annihilator (Elf:3)
  A bunyip (Swamp:3)
  A hydra (Swamp:4)
  A spriggan (Swamp:3)
  A flayed ghost (Swamp:4)
  6 swamp dragons
  2 phantasmal warriors (Swamp:4)
  2 orc sorcerers (Orc:2)
  A hellion (Abyss:3)
  A death drake zombie (Swamp:4)
  A tyrant leech (Swamp:3)
  A troll (shapeshifter) (Abyss:3)
  A hornet (Swamp:3)
  A death drake skeleton (Swamp:4)
  2 wraiths (Orc:2)
  A hydra simulacrum (Swamp:4)
  2 swamp drakes (Swamp:4)
  3 orc warriors
  4 orc priests (Orc:2)
  2 orc wizards (Orc:2)
  2 orcs
38 creatures vanquished.

Vanquished Creatures (others)
  A dancing weapon (Elf:3)
  3 deep elf zephyrmancers
  An orc sorcerer (Orc:2)
  A cane toad (Lair:6)
  A wind drake (Lair:6)
  A bloated husk (Swamp:2)
  2 nagas
  A centaur (Volcano)
  An orc wizard (Orc:2)
  5 ufetubi
  A briar patch (Swamp:4)
  2 bushes (Lair:6)
  8 foxfires (Swamp:2)
  29 fungi
  241 plants
  2 starspawn tentacles (Abyss:3)
300 creatures vanquished.

Grand Total: 1422 creatures vanquished

Notes
Turn   | Place    | Note
-------+----------+-------------------------------------------
     0 | D:5      | mdonais the Gnoll Delver began the quest for the Orb.
     0 | D:5      | Reached XP level 1. HP: 23/23 MP: 1/1
    94 | D:4      | Noticed a hound
   491 | D:3      | Reached XP level 2. HP: 26/29 MP: 2/2
   915 | D:2      | Found Plog's Distillery.
   965 | D:2      | Found a bloodstained altar of Trog.
   974 | D:2      | Became a worshipper of Trog the Wrathful
  1003 | D:1      | Reached XP level 3. HP: 32/35 MP: 3/3
  1063 | D:1      | Found a faded altar of an unknown god.
  1416 | D:1      | Reached skill level 1 in Invocations
  2415 | D:2      | Reached skill level 1 in Short Blades
  2415 | D:2      | Reached skill level 1 in Long Blades
  2415 | D:2      | Reached skill level 1 in Maces & Flails
  2415 | D:2      | Reached skill level 1 in Polearms
  2415 | D:2      | Reached skill level 1 in Staves
  2415 | D:2      | Reached skill level 1 in Slings
  2415 | D:2      | Reached skill level 1 in Bows
  2415 | D:2      | Reached skill level 1 in Crossbows
  2415 | D:2      | Reached skill level 1 in Throwing
  2415 | D:2      | Reached skill level 1 in Armour
  2415 | D:2      | Reached skill level 1 in Shields
  2415 | D:2      | Reached skill level 1 in Unarmed Combat
  2415 | D:2      | Reached skill level 1 in Spellcasting
  2415 | D:2      | Reached skill level 1 in Evocations
  2448 | D:2      | Noticed Robin
  2639 | D:2      | Reached XP level 4. HP: 41/41 MP: 5/5
  2853 | D:2      | Reached * piety under Trog
  2997 | D:2      | Reached skill level 1 in Conjurations
  2997 | D:2      | Reached skill level 1 in Hexes
  2997 | D:2      | Reached skill level 1 in Summonings
  2997 | D:2      | Reached skill level 1 in Necromancy
  2997 | D:2      | Reached skill level 1 in Translocations
  2997 | D:2      | Reached skill level 1 in Transmutations
  2997 | D:2      | Reached skill level 1 in Fire Magic
  2997 | D:2      | Reached skill level 1 in Ice Magic
  2997 | D:2      | Reached skill level 1 in Air Magic
  2997 | D:2      | Reached skill level 1 in Earth Magic
  2997 | D:2      | Reached skill level 1 in Poison Magic
  3311 | D:2      | Reached XP level 5. HP: 47/47 MP: 6/6
  3508 | D:2      | Found a bloodstained altar of Trog.
  3524 | D:2      | Killed Robin
  3677 | D:2      | Found Plog's Distillery.
  5117 | D:4      | Reached ** piety under Trog
  5122 | D:4      | Reached XP level 6. HP: 28/53 MP: 8/8
  5330 | D:4      | Reached skill level 5 in Axes
  5330 | D:4      | Reached skill level 5 in Dodging
  6219 | D:5      | Reached XP level 7. HP: 59/59 MP: 10/10
  6343 | D:5      | Found Wlyri's Whimsical Warehouse.
  6367 | D:5      | Bought a +0 war axe of venom for 74 gold pieces
  6707 | D:5      | Found a large runed translucent door.
  6711 | D:5      | Found a large runed translucent door.
  7167 | D:6      | Noticed Edmund
  7178 | D:6      | Found Pucw's Armour Boutique.
  7387 | D:6      | Found Citont's Weapon Shoppe.
  7523 | D:6      | Found Pesump's Distillery.
  7570 | D:6      | Found Uxiute's Armour Emporium.
  7728 | D:6      | Killed Edmund
  7729 | D:6      | Reached skill level 10 in Stealth
  7729 | D:6      | Reached XP level 8. HP: 67/67 MP: 12/12
  8048 | D:6      | Found Zeamemud's Distillery.
  8051 | D:6      | Bought a potion of heal wounds for 50 gold pieces
  8082 | D:7      | Found a staircase to the Ecumenical Temple.
  8088 | Temple   | Entered the Ecumenical Temple
  8406 | D:7      | Found a shimmering altar of Xom.
  8408 | D:7      | Found a white marble altar of Elyvilon.
  8408 | D:7      | Found an ancient bone altar of Kikubaaqudgha.
  8408 | D:7      | Found a sacrificial altar of Ru.
  8542 | D:7      | Reached *** piety under Trog
  8868 | D:7      | Noticed Joseph
  8909 | D:7      | Noticed a hornet
  9003 | D:7      | Killed Joseph
  9004 | D:7      | Reached XP level 9. HP: 60/73 MP: 14/14
  9797 | D:8      | Noticed Pikel
  9813 | D:8      | Killed Pikel
 10301 | D:8      | Identified a scroll of acquirement
 10301 | D:8      | Acquired the +8 plate armour of the Moon {-Cast +Inv rPois
                  | Dex+4}
 10430 | D:6      | Bought a +1 pair of gloves for 172 gold pieces
 10552 | D:9      | Reached skill level 5 in Invocations
 10668 | D:9      | Noticed Maurice
 10669 | D:9      | Reached XP level 10. HP: 62/80 MP: 17/17
 10696 | D:9      | Killed Maurice
 10697 | D:9      | Reached skill level 5 in Short Blades
 10697 | D:9      | Reached skill level 5 in Long Blades
 10697 | D:9      | Reached skill level 5 in Maces & Flails
 10697 | D:9      | Reached skill level 5 in Polearms
 10697 | D:9      | Reached skill level 5 in Staves
 10697 | D:9      | Reached skill level 5 in Slings
 10697 | D:9      | Reached skill level 5 in Bows
 10697 | D:9      | Reached skill level 5 in Crossbows
 10697 | D:9      | Reached skill level 5 in Throwing
 10697 | D:9      | Reached skill level 5 in Armour
 10697 | D:9      | Reached skill level 5 in Shields
 10697 | D:9      | Reached skill level 5 in Unarmed Combat
 10697 | D:9      | Reached skill level 5 in Spellcasting
 10697 | D:9      | Reached skill level 5 in Evocations
 11978 | D:5      | Found an iron altar of Okawaru.
 11987 | D:5      | Found an ornate altar of the Wu Jian Council.
 12162 | D:10     | Entered Level 10 of the Dungeon
 12168 | D:10     | Noticed a kobold demonologist
 12188 | D:10     | Killed a kobold demonologist
 12388 | D:10     | Noticed a two-headed ogre
 12398 | D:10     | Killed a two-headed ogre
 12399 | D:10     | Reached XP level 11. HP: 70/87 MP: 19/19
 12463 | D:10     | Reached **** piety under Trog
 12467 | D:10     | Reached skill level 5 in Conjurations
 12467 | D:10     | Reached skill level 5 in Hexes
 12467 | D:10     | Reached skill level 5 in Summonings
 12467 | D:10     | Reached skill level 5 in Necromancy
 12467 | D:10     | Reached skill level 5 in Translocations
 12467 | D:10     | Reached skill level 5 in Transmutations
 12467 | D:10     | Reached skill level 5 in Fire Magic
 12467 | D:10     | Reached skill level 5 in Ice Magic
 12467 | D:10     | Reached skill level 5 in Air Magic
 12467 | D:10     | Reached skill level 5 in Earth Magic
 12467 | D:10     | Reached skill level 5 in Poison Magic
 12467 | D:10     | Found a staircase to the Orcish Mines.
 12522 | D:10     | Found an opulent altar of Gozag.
 12873 | D:10     | Identified the +4 leather armour "Kygots" {Str+3}
 13152 | D:10     | Found a staircase to the Lair.
 13485 | D:11     | Noticed a cyclops
 13500 | D:11     | Killed a cyclops
 13558 | D:11     | Noticed a white ugly thing
 13570 | D:11     | Killed a white ugly thing
 13687 | D:11     | Noticed a two-headed ogre
 13695 | D:11     | Killed a two-headed ogre
 14090 | Lair:1   | Entered Level 1 of the Lair of Beasts
 14212 | Lair:1   | Found the +9 staff of Olgreb {rPois∞}
 14284 | Lair:1   | Noticed a six-headed hydra
 14315 | Lair:1   | Killed a six-headed hydra
 14536 | Lair:1   | Reached XP level 12. HP: 96/96 MP: 22/22
 14925 | Lair:2   | Found a staircase to the Snake Pit.
 15097 | Lair:2   | You fall into a shaft and drop 2 floors!
 15472 | Lair:4   | You fall into a shaft and drop 1 floor!
 15617 | Lair:5   | Noticed a four-headed hydra
 15655 | Lair:5   | Killed a four-headed hydra
 15665 | Lair:5   | Reached skill level 10 in Fighting
 15958 | Lair:3   | Found a dark tunnel.
 15967 | Volcano  | Entered a volcano
 15995 | Volcano  | Noticed a two-headed ogre
 16011 | Volcano  | Killed a two-headed ogre
 16049 | Volcano  | Noticed a two-headed ogre
 16049 | Volcano  | Noticed a two-headed ogre
 16060 | Volcano  | Killed a two-headed ogre
 16061 | Volcano  | Killed a two-headed ogre
 16062 | Volcano  | Reached XP level 13. HP: 74/103 MP: 24/24
 16949 | Lair:2   | Reached ***** piety under Trog
 17924 | Lair:3   | Noticed Gastronok
 17958 | Lair:3   | Killed Gastronok
 18507 | Lair:4   | Found a staircase to the Swamp.
 19072 | Lair:5   | Reached XP level 14. HP: 101/111 MP: 26/26
 19185 | Lair:5   | Reached skill level 10 in Axes
 19185 | Lair:5   | Reached skill level 10 in Dodging
 19590 | Lair:5   | Noticed Sonja
 19591 | Lair:5   | Noticed Sonja
 19591 | Lair:5   | Sonja changed into Sonja the fire crab
 19602 | Lair:5   | Killed Sonja the fire crab
 19697 | Lair:6   | Entered Level 6 of the Lair of Beasts
 19804 | Lair:5   | Reached ****** piety under Trog
 19882 | Lair:5   | Received a gift from Trog
 19929 | Lair:5   | Reached skill level 10 in Invocations
 20238 | Lair:6   | Noticed a dire elephant
 20306 | Lair:6   | Killed a dire elephant
 20306 | Lair:6   | Noticed Nessos
 20833 | Lair:6   | Killed Nessos
 21169 | Lair:6   | Identified the ring "Joseth" {Str+3 SInv}
 21223 | Lair:6   | Identified the ring of Metuba {Fly rCorr}
 21465 | Lair:6   | Found a viscous altar of Jiyva.
 21465 | Lair:6   | Found a staircase to the Slime Pits.
 21828 | Lair:6   | Received a gift from Trog
 22013 | Orc:1    | Entered Level 1 of the Orcish Mines
 22201 | Orc:1    | Reached XP level 15. HP: 101/119 MP: 28/28
 22358 | Orc:2    | Entered Level 2 of the Orcish Mines
 22362 | Orc:2    | Noticed Rupert
 22380 | Orc:2    | Killed Rupert
 22432 | Orc:2    | Found a staircase to the Elven Halls.
 22693 | Orc:2    | Noticed an orc warlord
 22700 | Orc:2    | Killed an orc warlord
 22708 | Orc:2    | Received a gift from Trog
 22756 | Orc:2    | Found Ychanese's General Store.
 22760 | Orc:2    | Found Tufiorit's Antique Armour Shop.
 22884 | Orc:2    | Found Xaddeogh's Book Shop.
 22919 | Orc:2    | Found Ygaar's Antique Weapon Shop.
 22935 | Orc:2    | Noticed Josephine
 22947 | Orc:2    | Killed Josephine
 23253 | Orc:1    | Reached skill level 10 in Short Blades
 23253 | Orc:1    | Reached skill level 10 in Long Blades
 23253 | Orc:1    | Reached skill level 10 in Maces & Flails
 23253 | Orc:1    | Reached skill level 10 in Polearms
 23253 | Orc:1    | Reached skill level 10 in Staves
 23253 | Orc:1    | Reached skill level 10 in Slings
 23253 | Orc:1    | Reached skill level 10 in Bows
 23253 | Orc:1    | Reached skill level 10 in Crossbows
 23253 | Orc:1    | Reached skill level 10 in Throwing
 23253 | Orc:1    | Reached skill level 10 in Armour
 23253 | Orc:1    | Reached skill level 10 in Shields
 23253 | Orc:1    | Reached skill level 10 in Unarmed Combat
 23253 | Orc:1    | Reached skill level 10 in Spellcasting
 23253 | Orc:1    | Reached skill level 10 in Evocations
 23460 | Orc:2    | Bought a manual of Armour for 1435 gold pieces
 23476 | Orc:2    | Bought a pair of runed boots for 285 gold pieces
 23539 | D:12     | Found a glowing silver altar of Zin.
 23566 | D:12     | Identified the +10 mace "Othekk" {vorpal, rPois rF- rCorr
                  | Int+4}
 23585 | D:12     | Noticed Erolcha
 23604 | D:12     | Killed Erolcha
 23870 | D:12     | Noticed Frances
 23888 | D:12     | Killed Frances
 24519 | D:13     | Received a gift from Trog
 24623 | D:13     | Found a gate to the Vaults.
 24651 | D:13     | Found a portal to a secret trove of treasure.
 25350 | D:14     | Found an iron altar of Okawaru.
 25399 | D:14     | Found Quari's General Store.
 25639 | D:15     | Entered Level 15 of the Dungeon
 25670 | D:15     | Noticed Agnes
 25684 | D:15     | Killed Agnes
 25750 | D:15     | Reached XP level 16. HP: 106/127 MP: 30/30
 26408 | D:15     | Received a gift from Trog
 26616 | D:15     | Found a staircase to the Depths.
 26633 | D:15     | Found Qiorer's Weapon Shoppe.
 27049 | Snake:1  | Entered Level 1 of the Snake Pit
 28127 | Snake:2  | Identified the +1 ring mail "Inosk" {Dex+3}
 29164 | Snake:3  | Found a frozen archway.
 29182 | IceCv    | Entered an ice cave
 29219 | IceCv    | Identified the +3 executioner's axe of True Grit {vorpal,
                  | +Rage rElec Will+} (Trog gifted it to you in an ice cave)
 29219 | IceCv    | Received a gift from Trog
 29443 | IceCv    | Noticed an Ice Fiend
 29464 | IceCv    | Killed an Ice Fiend
 29483 | IceCv    | Noticed an Ice Fiend
 29490 | IceCv    | Killed an Ice Fiend
 29491 | IceCv    | Reached XP level 17. HP: 58/135 MP: 32/32
 29869 | Snake:3  | Noticed Saint Roka
 30643 | Snake:3  | Killed Saint Roka
 31399 | Swamp:1  | Entered Level 1 of the Swamp
 31650 | Swamp:1  | HP: 2/132 [acid[a spriggan druid] (8)]
 32334 | Swamp:1  | Received a gift from Trog
 32338 | Swamp:1  | Reached skill level 10 in Conjurations
 32338 | Swamp:1  | Reached skill level 10 in Hexes
 32338 | Swamp:1  | Reached skill level 10 in Summonings
 32338 | Swamp:1  | Reached skill level 10 in Necromancy
 32338 | Swamp:1  | Reached skill level 10 in Translocations
 32338 | Swamp:1  | Reached skill level 10 in Transmutations
 32338 | Swamp:1  | Reached skill level 10 in Fire Magic
 32338 | Swamp:1  | Reached skill level 10 in Ice Magic
 32338 | Swamp:1  | Reached skill level 10 in Air Magic
 32338 | Swamp:1  | Reached skill level 10 in Earth Magic
 32338 | Swamp:1  | Reached skill level 10 in Poison Magic
 32560 | Swamp:2  | Upgraded the game from 0.27-a0-1136-g0b992a5a9d to
                  | 0.27-a0-1140-g099f9bb0e8
 33108 | Swamp:2  | Identified the +0 pair of gloves of the Fife {rN+}
 33116 | Swamp:2  | Identified the +0 pair of gloves of Uciy {Str+2 Slay+2}
 33901 | Swamp:3  | Reached XP level 18. HP: 135/143 MP: 33/33
 34160 | Swamp:4  | Entered Level 4 of the Swamp
 34265 | Swamp:4  | Received a gift from Trog
 34322 | Swamp:4  | Noticed a tentacled monstrosity
 34339 | Swamp:4  | Killed a tentacled monstrosity
 34456 | Swamp:4  | Identified the +9 longbow "Keuligy" {venom, rC- rCorr Str+2
                  | Int+4}
 35309 | Swamp:4  | Found a basalt altar of Yredelemnul.
 35323 | Swamp:4  | Found a blossoming altar of Fedhas.
 35369 | Swamp:4  | Got a decaying rune of Zot
 35880 | Snake:4  | Entered Level 4 of the Snake Pit
 36159 | Snake:4  | Received a gift from Trog
 37033 | Snake:4  | Reached skill level 15 in Stealth
 37892 | Snake:4  | Reached XP level 19. HP: 151/151 MP: 35/35
 38283 | Snake:4  | Got a serpentine rune of Zot
 38602 | Elf:1    | Entered Level 1 of the Elven Halls
 38617 | Elf:1    | Received a gift from Trog
 38637 | Elf:1    | Found a radiant altar of Vehumet.
 38986 | D:5      | Bought a ring of willpower for 300 gold pieces
 39525 | Elf:1    | Found Vich's Assorted Antiques.
 40214 | Elf:2    | Found a runed translucent gate.
 40214 | Elf:2    | Found a runed translucent gate.
 40224 | Elf:2    | Found a runed translucent gate.
 40721 | Elf:2    | Received a gift from Trog
 40862 | Elf:2    | Reached skill level 15 in Armour
 40903 | Elf:2    | Identified Roxanne's Almanac of Transformation
 40903 | Elf:2    | Noticed Roxanne
 40929 | Elf:2    | Killed Roxanne
 41964 | Elf:3    | Entered Level 3 of the Elven Halls
 41978 | Elf:3    | Found a shimmering blue altar of Sif Muna.
 42101 | Elf:3    | Found a runed translucent door.
 42102 | Elf:3    | Noticed DunceCap's ghost (adept MiBe)
 42254 | Elf:3    | Received a gift from Trog
 42686 | Elf:3    | Reached XP level 20. HP: 160/160 MP: 37/37
 43059 | Elf:3    | Identified the +1 great mace "Lutzagi" {drain, +Rage Int+5
                  | SInv Stlth-}
 43194 | Elf:3    | Identified the +2 ring mail of Baewnyt {+Blink rF+}
 43299 | Elf:3    | Identified the ring of the Fifty Tables {rPois Dex+6
                  | Stlth+}
 43312 | Elf:3    | Identified the +9 morningstar "Wimuveko" {freeze, rElec
                  | Str+3 Int-3 Dex+4}
 43328 | Elf:3    | Cast into level 2 of the Abyss (a deep elf demonologist)
 43337 | Elf:3    | Escaped the Abyss
 43401 | Elf:3    | Identified the amulet of the Jester {Reflect Str+5 SH+5}
 43438 | Elf:3    | Received a gift from Trog
 43439 | Elf:3    | Cast into level 3 of the Abyss (deep elf high priest)
 43449 | Abyss:3  | Paralysed by accursed screaming for 1 turns
 43753 | Abyss:3  | Noticed a bone dragon
 43780 | Abyss:3  | HP: 5/160 [starcursed mass/accursed screaming (8)]
 43781 | Abyss:3  | Killed from afar by a starcursed mass

Illustrated notes

Levels and vault maps discovered:
D:1:      kilobyte_arrival_exit_the_forest, layout_basic,
          shapermc_ecumenical_altar_totnotflames
D:2:      layout_loops_corners, basic_altar, serial_bayou, serial_bayou_pond_c,
          serial_bayou_lagoon_a, serial_bayou_pond_b, serial_bayou_shore_a,
          serial_bayou_pond_b, serial_bayou_lake_a, serial_shops, shop,
          uniq_robin
D:3:      layout_loops_corners
D:4:      layout_layer_cave, kennysheep_donut, grunt_ministairs_3
D:5:      layout_basic, jmf_multi_god_temple2, nicolae_alphabet_shops
D:6:      layout_loops_corners, serial_shops, shop, shop, kennysheep_little_box,
          shop, kennysheep_mini_moat, dk_noncrumbling_3, uniq_edmund
D:7:      layout_loops_ring, grunt_temple_overflow_open,
          minmay_temple_entry_fiery, chequers_serial_rivers_micro_a,
          kennysheep_minor_cross, uniq_joseph
D:8:      layout_basic, uniq_pikel
D:9:      layout_layer_cave, uniq_maurice
D:10:     layout_layer_cave, grunt_gozag_breadcrumbs, david_lair_shrubbed,
          minmay_orc_entry_guard_dogs
D:11:     layout_rooms
D:12:     layout_basic, zin_academy, uniq_frances, uniq_erolcha
D:13:     layout_rooms, hangedman_vaults_entry_quadrant_bands,
          nicolae_trove_entry_crossroad
D:14:     layout_rooms, serial_shops, nicolae_shop_behind_doors, okawaru_trees_1
D:15:     hangedman_depths_entry_civil_slaughter, layout_small_grid,
          minivault_23, serial_shops, shop, minmay_misc_feat_rugged, uniq_agnes
Temple:   minmay_freezing_vapour_temple
Lair:1:   layout_chaotic_city, infiniplex_staircase_pool_2, grunt_megastairs_5
Lair:2:   beast_lair_carwin_large_1, layout_cave_pods, dummy_snake_entry,
          serial_bayou_pond_e
Lair:3:   layout_regular_city, enter_volcano_4, grunt_megastairs_1,
          uniq_gastronok
Lair:4:   layout_regular_city, minmay_swamp_entry_worms,
          grunt_forest_small_clearings, grunt_megastairs_4, lemuel_fruit_fields
Lair:5:   layout_loops_ring, special_room [special_room_bee], uniq_sonja
Lair:6:   gammafunk_lair_ancient_temple, layout_hall_layers,
          dpeg_slime_entry_enclosed_altar, serial_forest,
          infiniplex_forest_zigzag_1, infiniplex_forest_clump_large,
          infiniplex_forest_lined_corner, infiniplex_forest_end_double,
          infiniplex_forest_lined_2, infiniplex_forest_lined_2, uniq_nessos
Swamp:1:  layout_falls_marsh, infiniplex_staircase_pool
Swamp:2:  layout_basic_swamp, nicolae_swamp_orc_logging_accident,
          roderic_carrion_pond
Swamp:3:  layout_basic_swamp, hangedman_swamp_ruin_hall, swamp_pool3
Swamp:4:  byrel_swamp_growth_death_and_undeath, layout_basic_swamp
Snake:1:  layout_layer_cave, nrook_guardian_serpent_ordinary
Snake:2:  layout_gridlike
Snake:3:  kennysheep_six_static_rooms, layout_onion_interference,
          portal_ice_cave_entry_pillars_four, special_room, uniq_saint_roka
Snake:4:  snake_pit, layout_chambers, special_room
Orc:1:    layout_caves
Orc:2:    grunt_orc_cross, layout_caves, uniq_josephine, uniq_rupert
Elf:1:    eino_elf_arrival_altar, layout_geoelf_diagonals, serial_shops, shop,
          hangedman_elf_disciples, minivault_26, uniq_louise
Elf:2:    layout_loops_corners, uniq_roxanne
Elf:3:    grunt_elf_hall_diamonds, layout_geoelf_castle,
          ebering_ghost_inner_flame, basic_altar
Abyss:3:  base: Vaults:3, nicolae_abyss_rune_star_stuff,
          evilmike_nicolae_abyss_rune_containment_curve,
          evilmike_nicolae_abyss_rune_containment_curve

Skill      XL: |  1  2  3  4  5  6  7  8  9 10 11 12 13 14 15 16 17 18 19 |
---------------+----------------------------------------------------------+-----
Stealth        | 10 11 12 13 14 15 | 15.7
Invocations    | 1 2 3 4 5 6 7 8 9 10 11 12 13 14 | 14.3
Short Blades   | 1 2 3 4 5 6 7 8 9 10 11 12 13 | 13.3
Long Blades    | 1 2 3 4 5 6 7 8 9 10 11 12 13 | 13.3
Maces & Flails | 1 2 3 4 5 6 7 8 9 10 11 12 13 | 13.3
Polearms       | 1 2 3 4 5 6 7 8 9 10 11 12 13 | 13.3
Staves         | 1 2 3 4 5 6 7 8 9 10 11 12 13 | 13.3
Slings         | 1 2 3 4 5 6 7 8 9 10 11 12 13 | 13.3
Bows           | 1 2 3 4 5 6 7 8 9 10 11 12 13 | 13.3
Crossbows      | 1 2 3 4 5 6 7 8 9 10 11 12 13 | 13.3
Throwing       | 1 2 3 4 5 6 7 8 9 10 11 12 13 | 13.3
Armour         | 1 2 3 4 5 6 7 8 9 10 12 13 14 15 | 15.7
Shields        | 1 2 3 4 5 6 7 8 9 10 11 12 13 | 13.3
Unarmed Combat | 1 2 3 4 5 6 7 8 9 10 11 12 13 | 13.3
Spellcasting   | 1 2 3 4 5 6 7 8 9 10 11 12 13 | 13.3
Evocations     | 1 2 3 4 5 6 7 8 9 10 11 12 13 | 13.3
Conjurations   | 1 2 3 4 5 6 7 8 9 10 11 | 11.4
Hexes          | 1 2 3 4 5 6 7 8 9 10 11 | 11.4
Summonings     | 1 2 3 4 5 6 7 8 9 10 11 | 11.4
Necromancy     | 1 2 3 4 5 6 7 8 9 10 11 | 11.4
Translocations | 1 2 3 4 5 6 7 8 9 10 11 | 11.4
Transmutations | 1 2 3 4 5 6 7 8 9 10 11 | 11.4
Fire Magic     | 1 2 3 4 5 6 7 8 9 10 11 | 11.4
Ice Magic      | 1 2 3 4 5 6 7 8 9 10 11 | 11.4
Air Magic      | 1 2 3 4 5 6 7 8 9 10 11 | 11.4
Earth Magic    | 1 2 3 4 5 6 7 8 9 10 11 | 11.4
Poison Magic   | 1 2 3 4 5 6 7 8 9 10 11 | 11.4
Axes           | 5 6 7 8 9 10 11 12 13 | 13.9
Dodging        | 5 6 7 8 9 10 11 12 13 | 13.9
Fighting       | 7 8 9 10 11 12 13 14 | 14.5

Action                   |  1- 3 |  4- 6 |  7- 9 | 10-12 | 13-15 | 16-18 | 19-21 || total
-------------------------+-------+-------+-------+-------+-------+-------+-------++-------
Melee: Hand axe          |   121 |   127 |       |       |       |       |       ||   248
       Bite              |    12 |    22 |    32 |    92 |   261 |   295 |   137 ||   851
       Whip              |       |    90 |    11 |       |       |       |       ||   101
       Punch             |       |     1 |     4 |       |       |       |       ||     5
       War axe           |       |       |   178 |       |       |       |       ||   178
       Broad axe         |       |       |    73 |   550 |  1597 |   939 |       ||  3159
       Flail             |       |       |       |    21 |       |       |       ||    21
       Eveningstar       |       |       |       |       |     3 |       |       ||     3
       Mace              |       |       |       |       |     9 |       |       ||     9
       Demon blade       |       |       |       |       |       |   234 |       ||   234
       Double sword      |       |       |       |       |       |   446 |   558 ||  1004
       Morningstar       |       |       |       |       |       |       |   114 ||   114
 Fire: Hand crossbow     |       |       |    31 |       |       |       |       ||    31
       Hunting sling     |       |       |     5 |     2 |       |       |       ||     7
       Fustibalus        |       |       |       |       |    19 |    23 |       ||    42
Throw: Stone             |       |     4 |       |       |       |       |       ||     4
       Dart              |       |       |       |     7 |    17 |     4 |       ||    28
       Javelin           |       |       |       |       |       |    16 |    12 ||    28
Invok: Berserk           |       |     2 |     7 |    11 |    14 |    15 |     8 ||    57
       Trog's Hand       |       |       |       |     5 |     6 |     1 |     2 ||    14
       Brothers in Arms  |       |       |       |       |     2 |     5 |     1 ||     8
 Abil: Evoke Invisibilit |       |       |       |       |     1 |     3 |     3 ||     7
Evoke: Wand              |       |       |       |     7 |    12 |    15 |     5 ||    39
       Phantom mirror    |       |       |       |       |       |     2 |     1 ||     3
       Tin of tremorston |       |       |       |       |       |     2 |     1 ||     3
  Use: Scroll            |       |       |    12 |     6 |    14 |    11 |     5 ||    48
       Potion            |       |       |     1 |     3 |     1 |     6 |     3 ||    14
 Stab: Sleeping          |    16 |     9 |     6 |       |       |       |     7 ||    38
       Invisible         |       |       |       |       |    10 |     9 |    11 ||    30
       Distracted        |       |       |       |       |     4 |     1 |     2 ||     7
       Paralysed         |       |       |       |       |       |     2 |       ||     2
Armor: Leather armour    |     8 |       |       |       |       |       |       ||     8
       Ring mail         |    17 |       |       |       |       |       |       ||    17
       Scale mail        |       |   115 |   117 |       |       |       |       ||   232
       Plate armour      |       |       |    61 |   549 |  1144 |   911 |   227 ||  2892
Dodge: Dodged            |    59 |   118 |   151 |   208 |   656 |   726 |   258 ||  2176
Block: Buckler           |       |       |    21 |   214 |   360 |   516 |       ||  1111
       Kite shield       |       |       |       |       |   441 |   365 |   372 ||  1178
       Rpst.: Demon blade |       |       |       |       |       |    18 |       ||    18
       Double sword      |       |       |       |       |       |    30 |    36 ||    66

Table legend: (Time is in decaauts)
 A = Elapsed time spent in this place.
 B = Non-inter-level travel time spent in this place.
 C = Inter-level travel time spent in this place.
 D = Time resting spent in this place.
 E = Time spent auto-exploring this place.
 F = Levels seen in this place.
 G = Mean time per level.
                   A        B        C        D        E       F      G
               +--------+--------+--------+--------+--------+-----+--------+
         Total |  44870 |  39943 |   4927 |   4845 |  21489 |  39 | 1150.5 |
       Dungeon |  18840 |  16107 |   2733 |   1561 |  10981 |  15 | 1256.0 |
        Temple |      1 |      1 |      0 |      0 |      0 |   1 |    1.0 |
          Lair |   8471 |   7616 |    855 |    979 |   3814 |   6 | 1411.8 |
         Swamp |   4187 |   3895 |    292 |    633 |   1750 |   4 | 1046.8 |
     Snake Pit |   6375 |   5809 |    566 |    903 |   2707 |   4 | 1593.8 |
  Orcish Mines |   1721 |   1481 |    240 |    132 |    691 |   2 |  860.5 |
   Elven Halls |   4156 |   3917 |    239 |    412 |   1507 |   3 | 1385.3 |
         Abyss |    336 |    336 |      0 |     82 |     30 |   2 |  168.0 |
      Ice Cave |    497 |    497 |      0 |     83 |      8 |   1 |  497.0 |
       Volcano |    281 |    281 |      0 |     58 |      0 |   1 |  281.0 |
               +--------+--------+--------+--------+--------+-----+--------+

Top non-repeatable levels by time:
     D:2: 2451 daAuts
 Snake:4: 2315 daAuts
 Snake:3: 2087 daAuts
     D:7: 1801 daAuts
  Lair:5: 1637 daAuts
  Lair:6: 1634 daAuts
     D:4: 1627 daAuts
    D:10: 1619 daAuts
  Lair:2: 1558 daAuts
   Elf:2: 1544 daAuts
   Elf:3: 1466 daAuts
  Lair:4: 1381 daAuts
    D:15: 1350 daAuts
     D:5: 1283 daAuts
     D:1: 1268 daAuts
